 Dungeon Crawl Stone Soup version 0.32-a0-898-g7811c86cf0 (webtiles) character file.

Game seed: 18376639927246523312

1145 GiantSquids the Cleaver (level 8, -15/61 (63) HPs)
             Began as a Mountain Dwarf Fighter on Apr 5, 2024.
             Was a Priest of Elyvilon.
             Killed from afar by Dowan (24 damage)
             ... with a shard of ice
             ... on level 5 of the Dungeon.
             The game lasted 00:07:31 (3860 turns).

GiantSquids the Cleaver (Mountain Dwarf Fighter)    Turns: 3860, Time: 00:07:31

HP:   -15/61 (63)   AC:  6    Str: 21    XL:     8   Next: 15%
MP:   8/12          EV:  8    Int:  9    God:    Elyvilon [***...]
Gold: 282           SH:  4    Dex:  9    Spells: 7/7 levels left

rFire   + . .        a - +0 war axe
rCold   . . .        c - +0 buckler
rNeg    . . .        b - +0 scale mail
rPois   .            (no helmet)
rElec   .            (no cloak)
rCorr   .            (no gloves)
SInv    .            (no boots)
Will    .....        k - amulet of faith Stlth
                     l - ring of protection from fire
HPRegen 0.30/turn    (no ring)
MPRegen 0.13/turn

%: faith
@: lightly drained
A: runic magic, artefact enchanting
a: Renounce Religion, Purification, Heal Other, Heal Self


You were on level 5 of the Dungeon.
You worshipped Elyvilon.
Elyvilon was most pleased with you.
You visited 1 branch of the dungeon, and saw 5 of its levels.

You collected 282 gold pieces.

Inventory:

Hand Weapons
 a - a +0 war axe (weapon)
Missiles
 e - 68 stones (quivered)
Armour
 b - a +0 scale mail (worn)
 c - a +0 buckler (worn)
Jewellery
 k - an amulet of faith (around neck)
 l - a ring of protection from fire (left hand)
Wands
 o - a wand of flame (6)
Scrolls
 g - a scroll of amnesia
 h - 2 scrolls of vulnerability
 j - a scroll of butterflies
 m - a scroll of identify
 n - a scroll of poison
 p - a scroll of teleportation
 s - a scroll of enchant weapon
 u - a scroll of fear {unknown}
Potions
 d - 3 potions of curing
 f - a potion of mutation {unknown}
 i - 2 potions of attraction {unknown}
 q - a potion of brilliance {unknown}
 r - 2 potions of berserk rage {unknown}
 t - a potion of cancellation {unknown}


   Skills:
 - Level 3.2 Fighting
 * Level 10.3 Axes
 - Level 3.2 Armour
 - Level 3.2 Shields
 + Level 6.2 Invocations


You had 7 spell levels left.
You didn't know any spells.
Your spell library contained the following spells:

 Spells                   Type           Power      Damage    Failure   Level
 Necrotise                Necr           0%         1d4       54%         1
 Mercury Vapours          Alch/Air       0%         N/A       67%         2
 Frozen Ramparts          Ice            0%         1d1       88%         3
 Mephitic Cloud           Conj/Alch/Air  0%         N/A       88%         3
 Ozocubu's Armour         Ice            0%         N/A       88%         3
 Martyr's Knell           Necr/Summ      0%         N/A       99%         4
 Freezing Cloud           Conj/Ice/Air   0%         6-21      100%        5
 Metabolic Englaciation   Hex/Ice        0%         N/A       100%        5
 Death Channel            Necr           0%         N/A       100%        6
 Discord                  Hex            0%         N/A       100%        8


Dungeon Overview and Level Annotations

Branches:
Dungeon (5/15)
 Temple: D:4-7

Altars:
Elyvilon
Gozag
Yredelemnul

Shops:
D:1 ?:!   D:3 *

Annotations:
D:3 2 runed translucent doors, PetalousPanoply's ghost, amateur DjCj
D:5 Dowan


Innate Abilities, Weirdness & Mutations

Your spellcasting is much less encumbered by armour.
You can use scrolls of enchantment on lesser artefacts.


Message History

Dowan is severely wounded.
You block Dowan's attack. Dowan casts a spell at you.
The shard of ice hits you.
* * * LOW HITPOINT WARNING * * *
You hit Dowan.
Dowan is severely wounded.
Dowan barely misses you.
You hit Dowan but do no damage.
Dowan is severely wounded.
Dowan casts a spell at you. The shard of ice hits you!
Elyvilon protects you from harm!
Dowan gestures wildly while chanting.
Dowan blinks!
Dowan mumbles some strange words.
Dowan blinks!
Dowan gestures wildly while chanting.
Dowan blinks!
Dowan mumbles some strange words.
Dowan blinks!
You hit Dowan.
Dowan is severely wounded.
Dowan hits you with a +0 dagger.
* * * LOW HITPOINT WARNING * * *
You closely miss Dowan.
Dowan is severely wounded.
Dowan casts a spell.
Dowan blinks!
You closely miss Dowan.
Dowan is severely wounded.
Dowan hits you with a +0 dagger.
* * * LOW HITPOINT WARNING * * *
Dowan hits you with a +0 dagger.
* * * LOW HITPOINT WARNING * * *
You closely miss Dowan.
Dowan is severely wounded.
Dowan points at you and mumbles some strange words.
The shard of ice hits you!!
You die...

#..##.##..# #.#......
####.#...##.####........
#......#................
#.......(.)..##....#....
#.........?........#....
##.......................
#.$...#.####....##..<#...
####....##...........##..
####.@...#............
#.......e...####.#######
#+###.....#......#
#..####....... #..# #
#... #..# #..#


You could see Dowan (fast).

Vanquished Creatures
  Duvessa (D:5)
  An ice beast (D:5)
  An ogre (D:4)
  A phantom (D:5)
  2 scorpions (D:5)
  2 howler monkeys (D:5)
  2 orc priests
  2 hounds
  A jelly (D:4)
  5 iguanas
  Terence (D:2)
  4 orc wizards
  5 adders
  A white imp (D:5)
  A dart slug (D:2)
  4 ribbon worms
  15 orcs
  10 endoplasms
  3 giant cockroaches
  7 goblins
  6 hobgoblins
  10 jackals
  9 kobolds
  6 quokkas
  5 ball pythons
  10 bats
  4 frilled lizards
  26 rats
145 creatures vanquished.

Notes
Turn   | Place    | Note
-------+----------+-------------------------------------------
     0 | D:1      | GiantSquids the Mountain Dwarf Fighter began the quest for
                  | the Orb.
     0 | D:1      | Reached XP level 1. HP: 19/19 MP: 1/1
    52 | D:1      | Reached skill level 3 in Axes
    61 | D:1      | Reached XP level 2. HP: 22/26 MP: 2/2
   137 | D:1      | Found Igidasoj's Distillery.
   181 | D:1      | Found Poblugh's Magic Scroll Emporium.
   183 | D:1      | Found Ewaped's Book Shoppe.
   195 | D:1      | Reached skill level 4 in Axes
   277 | D:1      | Reached XP level 3. HP: 29/31 MP: 3/3
   486 | D:1      | Found a faded altar of an unknown god.
   497 | D:1      | Prayed at the altar of an unknown god.
   497 | D:1      | Became a worshipper of Elyvilon the Healer
   497 | D:1      | Reached * piety under Elyvilon
   556 | D:2      | Reached skill level 5 in Axes
   600 | D:2      | Reached XP level 4. HP: 26/38 MP: 4/4
   954 | D:2      | Noticed Terence
   963 | D:2      | Killed Terence
   964 | D:2      | Reached skill level 6 in Axes
  1313 | D:3      | Reached skill level 1 in Invocations
  1313 | D:3      | Reached XP level 5. HP: 10/45 MP: 5/5
  1329 | D:3      | Reached skill level 7 in Axes
  1531 | D:3      | Reached ** piety under Elyvilon
  1657 | D:3      | Found a large runed translucent door.
  1659 | D:3      | Found a large runed translucent door.
  1661 | D:3      | Noticed PetalousPanoply's ghost (amateur DjCj)
  1708 | D:3      | Found Puehie's Assorted Antiques.
  1841 | D:3      | Reached XP level 6. HP: 4/51 MP: 1/7
  1844 | D:3      | HP: 1/51 [orc/+4 flail of protection (2)]
  2412 | D:4      | Got the Anthology of the Inauspicious Departed
  2582 | D:4      | Reached *** piety under Elyvilon
  2616 | D:4      | Reached skill level 8 in Axes
  2706 | D:4      | Found an opulent altar of Gozag.
  2727 | D:4      | Found a basalt altar of Yredelemnul.
  2776 | D:4      | Reached XP level 7. HP: 34/57 MP: 8/10
  3324 | D:5      | Entered Level 5 of the Dungeon
  3355 | D:5      | Reached skill level 9 in Axes
  3444 | D:5      | Reached skill level 5 in Invocations
  3594 | D:5      | Reached **** piety under Elyvilon
  3809 | D:5      | Noticed Dowan
  3810 | D:5      | Noticed Duvessa
  3824 | D:5      | Killed Duvessa
  3825 | D:5      | Reached skill level 10 in Axes
  3825 | D:5      | Reached XP level 8. HP: 14/58 MP: 9/12
  3852 | D:5      | Elyvilon protects you from harm!
  3860 | D:5      | Killed from afar by Dowan

Illustrated notes

Levels and vault maps discovered:
D:1:      erik_arrival_blinker_ship, layout_rooms, serial_shops, shop, shop,
          nicolae_shop_behind_doors, hellmonk_ecumenical_altar_run_dry,
          minmay_tetromino_l2
D:2:      layout_loops_ring, minmay_rat_hole, uniq_terence
D:3:      minmay_recursive_quarters, layout_loops_ring,
          ebering_ghost_disaster_area, serial_shops,
          nicolae_shop_overgrown_old_shop
D:4:      layout_cave_pools, jmf_multi_god_temple, minmay_starry_boxes
D:5:      layout_rooms, temple_green, uniq_duvessa

Skill      XL: |  1  2  3  4  5  6  7 |
---------------+----------------------+-----
Axes           | 3 4 5 6 7 8 10 | 10.3
Invocations    | 1 2 4 6 |  6.2
Fighting       | |  3.2
Armour         | |  3.2
Shields        | |  3.2

Action                     |  1- 3 |  4- 6 |  7- 9 || total
---------------------------+-------+-------+-------++-------
  Melee: War axe           |   114 |   203 |   128 ||   445
 Invoke: Purification      |       |     3 |       ||     3
         Heal Self         |       |       |     4 ||     4
    Use: Potion            |       |     1 |       ||     1
         Scroll            |       |       |     7 ||     7
 Armour: Scale mail        |   119 |   156 |   126 ||   401
  Dodge: Dodged            |    56 |    62 |    61 ||   179
  Block: Buckler           |    22 |    34 |    24 ||    80

Table legend: (Time is in decaauts)
 A = Elapsed time spent in this place.
 B = Non-inter-level travel time spent in this place.
 C = Inter-level travel time spent in this place.
 D = Time resting spent in this place.
 E = Time spent auto-exploring this place.
 F = Levels seen in this place.
 G = Mean time per level.
                   A        B        C        D        E       F      G
               +--------+--------+--------+--------+--------+-----+--------+
         Total |   3942 |   3855 |     87 |    141 |   2847 |   5 |  788.4 |
       Dungeon |   3942 |   3855 |     87 |    141 |   2847 |   5 |  788.4 |
               +--------+--------+--------+--------+--------+-----+--------+

Top non-repeatable levels by time:
     D:3: 1160 daAuts
     D:4: 985 daAuts
     D:2: 689 daAuts
     D:1: 566 daAuts
     D:5: 540 daAuts
